 Dungeon Crawl Stone Soup version 0.28-a0-691-gad6df49e81 (webtiles) character file.

Game seed: 10374693736602373954

32 Zenkrye the Ruffian (level 3, -3/36 HPs)
             Began as an Ogre Transmuter on Oct 21, 2021.
             Slain by a gnoll (7 damage)
             ... on level 1 of the Dungeon.
             The game lasted 00:02:49 (865 turns).

Zenkrye the Ruffian (Ogre Transmuter)                Turns: 865, Time: 00:02:49

Health: -3/36      AC:  3    Str: 14    XL:     3   Next: 25%
Magic:  5/6        EV:  9    Int: 15    God:
Gold:   871        SH:  0    Dex:  9    Spells: 5/6 levels left

rFire   . . .      SeeInvis .     - Unarmed
rCold   . . .      Faith    .   (no shield)
rNeg    . . .      Spirit   .   a - +0 robe
rPois   .          Reflect  .   (helmet currently unavailable)
rElec   .          Harm     .   (no cloak)
rCorr   .          Rampage  .   (gloves unavailable)
Will    .....                   (boots unavailable)
Stlth   +.........              (no amulet)
HPRegen 0.12/turn               (no ring)
MPRegen 0.10/turn               (no ring)

@: appendages
A: horns 2, talons 2, large, unfitting armour, tough skin 1
a: End Transformation


You were on level 1 of the Dungeon.
You had temporarily grown beastly horns and talons.
You visited 1 branch of the dungeon, and saw 2 of its levels.

You collected 871 gold pieces.

Inventory:

Armour
 a - a +0 robe (worn)
Potions
 e - a potion of curing {unknown}
 f - a potion of heal wounds {unknown}


   Skills:
 + Level 2.5 Fighting
 - Level 1.7 Dodging
 * Level 3.5 Unarmed Combat
 - Level 2.4 Spellcasting
 - Level 1.7 Transmutations


You had 5 spell levels left.
You knew the following spells:

 Your Spells              Type           Power      Damage    Failure   Level
a - Beastly Appendage     Tmut           14%        N/A       11%         1

Your spell library contained the following spells:

 Spells                   Type           Power      Damage    Failure   Level
 Wereblood                Tmut           7%         N/A       16%         2
 Spider Form              Tmut/Pois      2%         N/A       41%         3
 Ignite Poison            Fire/Tmut/Pois 3%         N/A       45%         3
 Conjure Flame            Conj/Fire      1%         6-21      54%         3
 Inner Flame              Hex/Fire       1%         N/A       54%         3
 Ice Form                 Ice/Tmut       4%         N/A       83%         4
 Cause Fear               Hex            0%         N/A       91%         4
 Sticky Flame             Conj/Fire      1%         2d3       91%         4
 Discord                  Hex            0%         N/A       100%        8


Dungeon Overview and Level Annotations

Branches:
Dungeon (2/15)

Altars:

Annotations:
D:2 Jessica


Innate Abilities, Weirdness & Mutations

You have temporarily grown beastly horns and talons.
You are too large for most types of armour.
You have tough skin. (AC +1)


Message History

There is a stone staircase leading down here.
You climb downwards.
Level annotation: Jessica
There is a stone staircase leading up here.
Found 20 stones.
The gnoll shouts!
You hear a shout!
Casting: Beastly Appendage (safe; 11% risk of failure)
Confirm with . or Enter, or press ? or * to list all spells.
You grow a pair of large bovine horns.
Your feet morph into talons.
You barely miss the gnoll. The gnoll hits you with a +0 club.
You hit the gnoll. You headbutt the gnoll.
The gnoll is severely wounded.
The gnoll hits you with a +0 club.
You hit the gnoll.
You kill the gnoll!
You have reached level 3!
Your experience leads to an increase in your attributes!
Increase (s)trength, (i)ntelligence, or (d)exterity?
You feel clever.
You feel stronger.
Your transformation is almost over.
Your horns disappear.
Your talons disappear.
There is a stone staircase leading up here.
The gnoll hits you with a +0 flail!
You climb upwards.
There is a stone staircase leading down here.
Unknown command.
Casting: Beastly Appendage (safe; 11% risk of failure)
Confirm with . or Enter, or press ? or * to list all spells.
You grow a pair of large bovine horns.
Your feet morph into talons.
The gnoll hits you with a +0 flail.
You closely miss the gnoll.
You headbutt the gnoll, but do no damage.
The gnoll hits you with a +0 flail!
* * * LOW HITPOINT WARNING * * *
You hit the gnoll but do no damage. You claw the gnoll.
The gnoll is moderately wounded.
You hit the gnoll.
The gnoll is heavily wounded.
The gnoll hits you with a +0 flail!
You die...

#.####.###..............#.#.#..#.
#.##.....#....#####.......#.#..##
#......#.#.#.....##.#.....#.#..[.
####.#...#.##.##.##.#.#.....#.###
.....#.#.#.##.##.##.#.#######....
###..#.#......##.##.#.....# #####
..#..#.......###.##.#...#.# #..
.....###.....# #g##.#...#.#####..
..##.###.....# #@##.#..)#....##..
..##...#.....# #.##.#)######.....
..####.#.....###.##.#......#.....
..# #...........##........#.....
.## #################.....#.....
.# ##.### #.###.#..... .#
#....##### ##.# #.##.... .#
#...#....## ####.####.#..... .#
##......<..# ##......##.#....#


You could see a gnoll.

Vanquished Creatures
  A gnoll (D:2)
  2 ball pythons (D:1)
  4 bats (D:1)
  2 endoplasms (D:1)
  2 hobgoblins (D:1)
  4 jackals (D:1)
  2 kobolds (D:1)
  A frilled lizard (D:1)
  A rat (D:1)
19 creatures vanquished.

Notes
Turn   | Place    | Note
-------+----------+-------------------------------------------
     0 | D:1      | Zenkrye the Ogre Transmuter began the quest for the Orb.
     0 | D:1      | Reached XP level 1. HP: 19/19 MP: 3/3
   136 | D:1      | Reached skill level 3 in Unarmed Combat
   143 | D:1      | Reached XP level 2. HP: 23/28 MP: 1/5
   484 | D:1      | Found a faded altar of an unknown god.
   710 | D:1      | Identified a scroll of acquirement
   710 | D:1      | Acquired 857 gold pieces
   751 | D:2      | Noticed Jessica
   848 | D:2      | Reached XP level 3. HP: 25/36 MP: 4/6
   865 | D:1      | Slain by a gnoll

Illustrated notes

Levels and vault maps discovered:
D:1:      dpeg_arrival_round_c, layout_basic, basic_ecumenical_altar
D:2:      layout_loops_cross, basic_altar, columned_hall_lemuel,
          minmay_close_crescents, uniq_jessica, uniq_crazy_yiuf_cottage

Skill      XL: |  1  2 |
---------------+-------+-----
Unarmed Combat | 3 |  3.5
Fighting       | 2 |  2.5
Dodging        | |  1.7
Spellcasting   | |  2.4
Transmutations | |  1.7

Action                   || total
-------------------------++-------
Melee: Unarmed           ||    50
       Kick              ||     8
       Headbutt          ||     8
 Cast: Beastly Appendage ||    18
  Use: Scroll            ||     3
Armor: Robe              ||    24
Dodge: Dodged            ||    27

Table legend: (Time is in decaauts)
 A = Elapsed time spent in this place.
 B = Non-inter-level travel time spent in this place.
 C = Inter-level travel time spent in this place.
 D = Time resting spent in this place.
 E = Time spent auto-exploring this place.
 F = Levels seen in this place.
 G = Mean time per level.
                   A        B        C        D        E       F      G
               +--------+--------+--------+--------+--------+-----+--------+
         Total |    864 |    794 |     70 |      0 |    619 |   2 |  432.0 |
       Dungeon |    864 |    794 |     70 |      0 |    619 |   2 |  432.0 |
               +--------+--------+--------+--------+--------+-----+--------+

Top non-repeatable levels by time:
     D:1: 794 daAuts
     D:2: 69 daAuts
